Map: Lightshade LE

Players

Reynor - Winner!

  • Race: Zerg Zerg
  • Spawn Location: 11:00

llllllllllll (Oliveira)

  • Race: Terran Terran
  • Spawn Location: 5:00

Event: DreamHack SC2 Masters 2020 Winter

VOD

Have the link to the VOD?

Description

Time

  • Played on: Nov. 11, 2020, 8:24 a.m.
  • Length: 21:56

All games in this series

Show
View Real Time Build Order
Export as new Build Order

Reynor Zerg - Winner!

Build Orders: Pool First 

Get SALT Encoding   

  12  0:00  Drone  
  13  0:12  Overlord  
  13  0:17  Drone  
  14  0:30  Drone  
  14  0:31  Drone  
  14  0:34  Drone  
  17  0:42  Extractor  
  16  0:46  Drone  
  17  0:51  Spawning Pool  
  17  0:55  Drone  
  17  1:06  Drone  
  18  1:19  Hatchery  
  18  1:24  Drone  
  18  1:38  Zergling x2, Queen  
  21  1:44  Metabolic Boost  
  21  1:52  Overlord  
  21  1:55  Zergling x2  
  22  2:10  Drone  
  22  2:11  Drone  
  22  2:13  Queen  
  26  2:21  Drone  
  27  2:32  Pneumatized Carapace  
  27  2:33  Zergling x4  
  29  2:43  Zergling x2  
  29  2:44  Drone  
  31  2:46  Drone x2  
  31  2:47  Overlord  
  33  2:54  Drone  
  33  2:56  Drone  
  35  3:04  Drone  
  36  3:07  Drone  
  37  3:14  Drone  
  38  3:20  Hatchery, Queen  
  38  3:24  Drone x2  
  38  3:26  Drone  
  42  3:30  Overlord  
  42  3:32  Drone  
  43  3:34  Drone  
  44  3:51  Drone  
  44  3:53  Queen, Drone x2  
  44  3:55  Overlord  
  49  3:58  Drone  
  49  3:59  Drone x2  
  52  4:06  Roach Warren  
  52  4:08  Drone  
  52  4:09  Overlord  
  52  4:17  Drone  
  52  4:18  Drone  
  52  4:19  Queen  
  56  4:24  Extractor  
  56  4:26  Evolution Chamber, Extractor  
  56  4:28  Zergling x6  
  56  4:32  Lair, Drone  
  56  4:33  Drone x2  
  56  4:34  Zergling x2  
  60  4:39  Overlord  
  60  4:47  Roach x4  
  68  4:55  Roach  
  68  4:56  Drone x2  
  72  5:01  Drone  
  72  5:03  Roach x2  
  72  5:04  Spore Crawler  
  72  5:05  Overlord  
  76  5:12  Roach x2  
  80  5:15  Drone  
  80  5:17  Drone  
  80  5:19  Overlord  
  82  5:26  Drone  
  82  5:27  Drone  
  82  5:28  Drone  
  85  5:31  Drone x3  
  86  5:38  Glial Reconstitution  
  86  5:40  Drone x5  
  86  5:42  Drone  
  77  5:53  Drone x3  
  73  6:03  Drone  
  64  6:05  Drone x2  
  66  6:12  Zerg Ground Armor Level 1  
  66  6:13  Drone x3  
  66  6:17  Drone x3  
  72  6:24  Roach  
  74  6:26  Roach  
  74  6:28  Drone x2  
  74  6:29  Drone  
  79  6:35  Roach x3  
  79  6:38  Drone  
  79  6:39  Spore Crawler, Drone  
  86  6:40  Overseer  
  86  6:42  Drone  
  86  6:44  Drone x2  
  89  6:47  Spore Crawler  
  89  6:50  Extractor  
  89  6:51  Drone  
  89  6:52  Drone x2  
  90  6:55  Drone x2  
  90  6:57  Drone  
  90  6:58  Drone  
  94  7:01  Drone  
  94  7:03  Drone  
  94  7:05  Drone x2  
  98  7:10  Overlord, Drone  
  98  7:11  Drone x2  
  98  7:14  Drone  
  98  7:17  Overlord  
  96  7:23  Drone x2  
  96  7:27  Spire  
  96  7:29  Drone x2  
  99  7:30  Drone x2  
  99  7:32  Drone  
  99  7:33  Drone  
  99  7:35  Drone  
  99  7:36  Extractor  
  103  7:37  Drone  
  103  7:38  Extractor  
  103  7:39  Drone x2  
  103  7:41  Drone  
  106  7:55  Baneling Nest  
  105  8:01  Overlord  
  105  8:04  Hatchery  
  104  8:06  Drone x5  
  104  8:07  Drone x5  
  104  8:12  Overlord  
  114  8:14  Evolution Chamber  
  114  8:17  Drone  
  114  8:20  Drone x3  
  114  8:26  Overlord  
  118  8:27  Drone x4  
  118  8:29  Zerg Ground Armor Level 2  
  118  8:34  Overlord, Evolution Chamber  
  122  8:35  Drone x5  
  126  8:44  Overlord  
  126  8:45  Drone x2  
  123  8:50  Mutalisk x4  
  131  8:56  Mutalisk x2  
  131  9:00  Mutalisk x3  
  141  9:03  Overlord  
  141  9:07  Zerg Flyer Weapons Level 1  
  141  9:09  Drone  
  142  9:10  Extractor x2  
  142  9:14  Overlord  
  140  9:19  Zergling x8  
  140  9:21  Zerg Melee Weapons Level 1  
  142  9:32  Mutalisk x2  
  142  9:33  Mutalisk  
  142  9:36  Zergling x16  
  153  9:39  Overlord  
  153  9:40  Mutalisk  
  153  9:44  Drone x2  
  156  9:47  Hatchery, Overseer  
  156  9:48  Drone x2  
  156  9:52  Zergling x4  
  159  9:53  Zergling x6  
  159  9:57  Drone x2  
  159  9:58  Drone  
  165  10:00  Queen, Drone  
  165  10:02  Ravager x4  
  165  10:03  Baneling x3  
  165  10:04  Baneling  
  172  10:08  Overlord  
  172  10:13  Mutalisk x2  
  176  10:20  Hatchery, Overlord  
  175  10:21  Baneling x5  
  175  10:22  Baneling x3  
  175  10:23  Drone  
  175  10:25  Overlord  
  176  10:30  Drone x8  
  176  10:33  Infestation Pit  
  183  10:39  Baneling  
  183  10:40  Baneling x5  
  183  10:43  Mutalisk x2  
  183  10:44  Zergling x2  
  183  10:45  Zergling x10  
  193  10:54  Baneling x10  
  193  10:55  Zergling x2  
  193  10:56  Zergling x10  
  199  11:00  Hatchery, Centrifical Hooks  
  199  11:04  Zergling x4  
  196  11:24  Extractor  
  196  11:25  Extractor  
  192  11:26  Mutalisk x4  
  200  11:36  Hive  
  200  11:37  Zerg Melee Weapons Level 2  
  200  11:39  Overseer  
  191  11:56  Zergling x18  
  191  11:57  Zergling x26  
  195  12:03  Zergling x18  
  195  12:07  Overlord x3  
  197  12:19  Baneling x7  
  197  12:21  Zergling x10  
  200  12:25  Baneling x14  
  200  12:35  Zergling x10  
  195  12:41  Drone x7  
  199  12:47  Zerg Flyer Weapons Level 2  
  199  12:49  Mutalisk x2  
  200  12:55  Hatchery  
  180  12:58  Mutalisk  
  180  12:59  Mutalisk x7  
  180  13:01  Drone x3  
  180  13:02  Drone x2  
  180  13:04  Extractor  
  180  13:05  Mutalisk, Extractor  
  199  13:13  Zerg Ground Armor Level 3  
  199  13:26  Ultralisk Cavern  
  198  13:32  Drone  
  196  13:46  Zergling x16  
  200  13:58  Baneling x7  
  200  14:00  Zerg Melee Weapons Level 3  
  196  14:04  Zergling x14  
  196  14:07  Baneling x2  
  196  14:08  Baneling x8  
  196  14:21  Ultralisk  
  196  14:22  Ultralisk  
  190  14:26  Zergling x12  
  190  14:27  Zergling x20  
  190  14:29  Chitinous Plating  
  194  14:34  Zergling x4, Ultralisk  
  194  14:35  Zergling x2  
  194  14:36  Zergling x2  
  193  14:38  Zergling x4  
  193  14:39  Zergling x2  
  193  14:41  Ultralisk  
  192  14:46  Zergling x16  
  192  14:47  Adrenal Glands  
  192  14:51  Baneling x8  
  199  14:59  Zergling x6, Ultralisk  
  192  15:14  Zergling x16  
  199  15:28  Zergling x4  
  199  15:30  Hatchery  
  192  15:43  Zergling x10  
  192  15:44  Zergling x4  
  192  15:48  Anabolic Synthesis  
  199  15:56  Zergling x12, Ultralisk  
  195  16:05  Zergling x8  
  195  16:09  Extractor  
  198  16:14  Baneling x14  
  198  16:16  Zergling x2  
  199  16:21  Zerg Flyer Weapons Level 3  
  199  16:26  Baneling x11  
  199  16:29  Zergling x4  
  199  16:42  Mutalisk x2  
  197  16:47  Drone x3, Extractor  
  197  16:50  Extractor  
  196  16:58  Mutalisk  
  198  17:03  Overseer x3  
  198  17:21  Mutalisk  
  198  17:22  Mutalisk x3  
  199  17:25  Baneling x2  
  199  17:26  Baneling x4  
  199  17:32  Overlord  
  199  17:35  Overlord  
  195  17:45  Hatchery  
  195  17:51  Hatchery  
  191  17:52  Zergling x18  
  191  17:54  Overlord  
  200  18:03  Zergling x2  
  198  18:10  Mutalisk x3  
  200  18:18  Hatchery  
  199  18:20  Baneling x9  
  188  18:36  Mutalisk x6  
  188  18:37  Hatchery  
  188  18:40  Zergling x2  
  188  18:41  Zergling x4  
  187  18:45  Zergling x2  
  187  18:47  Mutalisk x2  
  192  18:49  Queen  
  192  18:50  Queen  
  196  18:58  Zergling x2  
  196  19:00  Mutalisk  
  199  19:04  Zergling x2  
  183  19:18  Zergling x8, Ultralisk x2  
  183  19:20  Zergling x12  
  192  19:27  Mutalisk x3  
  193  19:36  Baneling x4  
  193  19:37  Baneling x5  
  193  19:38  Overlord  
  192  19:40  Zergling x2  
  192  19:41  Zergling x4  
  192  19:44  Mutalisk x2  
  188  19:51  Zergling x2  
  188  19:52  Zergling x4, Hatchery  
  188  19:54  Overlord  
  188  19:56  Overlord  
  185  20:03  Zergling x12  
  185  20:04  Zergling x4  
  185  20:07  Overlord  
  191  20:10  Hatchery  
  191  20:14  Baneling x10  
  189  20:15  Zergling x10  
  193  20:23  Zergling x4  
  173  20:29  Ultralisk x2  
  173  20:32  Zergling x2  
  173  20:35  Baneling x11  
  179  20:36  Zergling x12  
  179  20:37  Overseer  
  179  20:40  Zergling x10  
  190  20:43  Baneling x7  
  190  20:46  Zergling x2  
  191  20:51  Zergling x4  
  191  20:56  Ultralisk  
  197  21:00  Zergling x2  
  197  21:01  Hatchery  
  197  21:05  Hatchery  
  197  21:08  Zergling x8  
  177  21:23  Mutalisk x13  
  196  21:28  Zergling x2  
  192  21:35  Zergling x14  
  192  21:37  Hatchery  
  198  21:45  Hatchery  
Show
View Real Time Build Order
Export as new Build Order

llllllllllll Terran 

Build Orders: 2 Factory, Hellion Opening, Reaper Expand 

Get SALT Encoding   

  12  0:00  SCV  
  13  0:12  SCV  
  14  0:17  Supply Depot  
  14  0:25  SCV  
  15  0:39  SCV  
  15  0:41  Barracks  
  16  0:44  Refinery  
  16  0:51  SCV  
  17  1:03  SCV  
  18  1:15  SCV  
  19  1:28  Reaper, Orbital Command  
  20  1:38  Command Center  
  20  1:47  Supply Depot  
  20  1:54  SCV  
  20  2:00  Marine  
  22  2:07  SCV  
  23  2:10  Factory  
  23  2:16  Refinery  
  23  2:19  SCV  
  23  2:22  Barracks Reactor  
  24  2:31  SCV  
  25  2:43  SCV  
  26  2:52  Orbital Command  
  26  2:56  SCV, Factory  
  27  3:02  Hellion, Orbital Command  
  27  3:03  Hellion  
  31  3:08  SCV  
  31  3:11  Barracks Tech Lab  
  30  3:20  SCV  
  30  3:25  Hellion x2  
  35  3:29  SCV  
  35  3:32  SCV  
  37  3:38  Marine  
  38  3:42  Starport  
  38  3:43  Supply Depot  
  38  3:44  SCV  
  38  3:45  Hellion, Infernal Pre-Igniter  
  38  3:48  Hellion x2  
  45  3:54  SCV  
  46  4:03  Supply Depot  
  46  4:05  SCV  
  46  4:06  SCV  
  46  4:08  Hellion  
  50  4:11  Hellion  
  50  4:16  Hellion  
  54  4:25  SCV x2, Supply Depot, Medivac  
  54  4:29  Armory  
  58  4:37  SCV x2  
  58  4:38  Hellion  
  62  4:47  Widow Mine x2  
  66  4:53  Command Center  
  66  4:57  Supply Depot  
  66  5:01  SCV  
  66  5:05  Widow Mine  
  69  5:07  SCV  
  69  5:10  Supply Depot  
  70  5:16  Drilling Claws  
  70  5:18  Liberator  
  70  5:19  Refinery, Widow Mine  
  70  5:20  Refinery  
  75  5:21  Supply Depot  
  75  5:22  SCV  
  75  5:26  Widow Mine  
  78  5:31  SCV, Widow Mine  
  78  5:34  SCV  
  82  5:43  SCV  
  82  5:46  SCV  
  84  5:52  Hellion  
  84  5:55  SCV, Siege Tank  
  84  5:57  Hellion  
  80  5:59  SCV  
  80  6:04  Medivac  
  67  6:06  Command Center  
  67  6:07  SCV  
  67  6:11  SCV, Barracks Tech Lab  
  67  6:20  SCV, Hellion  
  67  6:21  Hellion  
  67  6:23  SCV  
  73  6:27  Siege Tank  
  73  6:32  SCV  
  77  6:33  Medivac  
  77  6:34  Marine  
  77  6:35  SCV  
  77  6:39  Barracks  
  81  6:40  Stimpack  
  81  6:41  Barracks  
  81  6:46  Hellion x2  
  85  6:49  SCV x2  
  85  6:52  Supply Depot  
  87  7:01  SCV  
  88  7:02  Siege Tank  
  88  7:03  SCV  
  89  7:12  Widow Mine x2  
  89  7:14  SCV  
  93  7:15  SCV  
  92  7:23  Orbital Command  
  92  7:26  SCV  
  92  7:27  SCV, Engineering Bay x2  
  92  7:29  Barracks Reactor x2  
  93  7:35  Widow Mine x2  
  97  7:38  SCV  
  97  7:39  Marine, Siege Tank  
  97  7:41  Barracks x2  
  102  7:46  Starport Reactor  
  102  7:47  SCV  
  102  7:50  SCV  
  104  7:52  SCV  
  105  7:59  Marine  
  105  8:01  Widow Mine x2  
  105  8:02  Orbital Command  
  105  8:05  SCV x2  
  111  8:07  Terran Infantry Weapons Level 1, Terran Infantry Armor Level 1  
  112  8:17  SCV  
  114  8:20  Thor  
  117  8:27  Command Center  
  117  8:29  SCV, Marine x5  
  117  8:32  Barracks Reactor x2  
  121  8:45  Widow Mine  
  121  8:46  Widow Mine  
  121  8:47  SCV, Marine x3  
  125  8:51  Supply Depot  
  125  8:52  Supply Depot, Combat Shield  
  125  8:54  Missile Turret x2  
  125  8:55  Missile Turret  
  125  9:04  Supply Depot  
  125  9:05  Supply Depot  
  125  9:13  SCV x2, Refinery x2, Marine x2  
  125  9:16  Marine x2  
  131  9:17  Barracks x3  
  131  9:19  SCV  
  131  9:20  Supply Depot  
  132  9:27  Marine  
  132  9:28  Marine x3  
  132  9:29  Thor  
  142  9:32  Medivac  
  142  9:33  Marine  
  143  9:41  Marine x2  
  145  9:45  SCV  
  145  9:46  SCV x2  
  148  9:53  Marine  
  148  9:55  Medivac  
  148  9:58  Widow Mine x2  
  155  10:01  Missile Turret, Marine x3  
  155  10:04  Marauder  
  160  10:07  Missile Turret, Barracks Tech Lab x3  
  160  10:08  Missile Turret x2  
  160  10:12  Planetary Fortress  
  160  10:13  Marine  
  161  10:16  Concussive Shells  
  161  10:18  SCV x2  
  161  10:19  SCV  
  162  10:21  Marine x2  
  162  10:26  Marine x2  
  162  10:28  Supply Depot  
  166  10:30  Widow Mine x2  
  166  10:31  Medivac  
  166  10:33  Marauder  
  166  10:34  Marine x2  
  176  10:40  Marine  
  176  10:41  Marine x3, Sensor Tower  
  180  10:47  Supply Depot  
  180  10:49  SCV x2  
  182  10:51  Supply Depot  
  182  10:59  Marine  
  182  11:00  Marauder  
  185  11:04  Marine  
  185  11:05  Marauder  
  185  11:08  Marine  
  185  11:11  Marine  
  189  11:12  Marine  
  189  11:13  Marauder, Marine x2  
  189  11:14  Thor  
  189  11:15  Widow Mine x2  
  195  11:19  SCV  
  195  11:20  Terran Infantry Armor Level 2, Terran Infantry Weapons Level 2  
  195  11:22  Supply Depot, Command Center  
  195  11:25  Sensor Tower  
  196  11:29  Terran Vehicle And Ship Armor Level 1  
  196  11:30  Marine x2  
  196  11:31  Marauder  
  200  11:43  Command Center  
  195  11:57  Marauder x2, Marine x3  
  195  12:00  Marine x2  
  200  12:15  Command Center  
  196  12:16  Marine x2  
  196  12:20  Marine  
  196  12:21  Marauder, Marine  
  196  12:22  Marine x2  
  191  12:23  Widow Mine x2  
  191  12:24  Medivac  
  194  12:30  Marine  
  152  12:38  Marine x2  
  152  12:39  Marauder, Marine  
  152  12:40  Medivac, Thor  
  152  12:41  SCV  
  163  12:44  Marine x2  
  163  12:49  Marine  
  158  12:52  Widow Mine x2  
  158  12:54  Medivac  
  158  12:57  Missile Turret, Marine  
  154  12:59  Marine x2  
  154  13:00  Marauder  
  154  13:01  SCV  
  154  13:02  Missile Turret  
  154  13:04  SCV  
  154  13:05  SCV x2, Missile Turret, Marine  
  153  13:07  Marine  
  155  13:13  Planetary Fortress  
  155  13:14  Marine x2  
  155  13:19  SCV x3  
  160  13:20  Marine  
  160  13:22  SCV  
  160  13:26  Missile Turret  
  162  13:33  Marine x3  
  163  13:34  Marine  
  163  13:35  Marine x2  
  163  13:37  Marine x3  
  163  13:40  SCV x2  
  171  13:45  SCV  
  171  13:46  Marine x2  
  171  13:47  Marine  
  162  13:50  Missile Turret  
  162  13:51  Marine  
  163  13:56  Marine  
  163  14:00  Marauder, Marine x2  
  166  14:06  Marine x3  
  166  14:07  Marauder x2  
  166  14:08  Widow Mine  
  166  14:09  Medivac, Widow Mine  
  174  14:10  SCV, Medivac  
  174  14:13  SCV  
  152  14:30  Marine x3  
  152  14:31  SCV, Marauder  
  134  14:40  Marine x3  
  134  14:41  Marauder  
  134  14:42  Widow Mine x2  
  134  14:44  Medivac x2  
  140  14:48  Marine x2  
  140  14:49  Marauder x2, Marine  
  140  14:51  Thor  
  148  14:53  Marine x2  
  148  14:55  Marine  
  143  15:00  Terran Infantry Weapons Level 3  
  143  15:01  Marine  
  143  15:02  SCV  
  143  15:04  SCV  
  143  15:05  Marine  
  143  15:06  Marine x3  
  132  15:08  SCV x2  
  132  15:10  SCV  
  132  15:12  Marine  
  132  15:13  Marine x2  
  138  15:19  Widow Mine x2, Marine  
  138  15:20  Marine x2  
  143  15:25  Marine x3  
  143  15:26  Marine  
  141  15:28  Medivac  
  141  15:29  Medivac, Marine  
  141  15:30  SCV x2  
  141  15:32  SCV  
  149  15:36  Sensor Tower  
  149  15:37  Orbital Command  
  149  15:41  Marine  
  150  15:43  Marine x3  
  150  15:44  SCV  
  150  15:45  SCV x2, Marine x3  
  150  15:47  Widow Mine x2  
  150  15:49  SCV  
  164  15:52  Marauder  
  157  15:58  Marine  
  157  15:59  Marine x2  
  157  16:00  Marine, Thor  
  157  16:03  Marine  
  156  16:05  Marine  
  156  16:06  Marauder, Marine  
  156  16:07  Marine  
  156  16:10  Widow Mine  
  163  16:11  Marine  
  163  16:13  Marine  
  163  16:15  Marine  
  163  16:17  SCV  
  164  16:20  Marine  
  164  16:23  Marine x4  
  166  16:31  Marine x2  
  166  16:34  Missile Turret  
  166  16:36  Marine x2  
  166  16:37  Marauder, Marine  
  166  16:38  SCV  
  166  16:39  SCV x2  
  174  16:43  Marine x2  
  174  16:46  SCV  
  175  16:47  Marine  
  175  16:52  Orbital Command  
  166  16:55  SCV  
  166  16:56  Marine  
  166  16:57  SCV  
  166  17:00  Marine  
  166  17:01  Marine x2  
  171  17:06  Marauder, Marine x3  
  176  17:10  Widow Mine, Marine  
  176  17:11  Marine  
  176  17:13  Widow Mine  
  179  17:22  Marine  
  180  17:26  Marauder x2  
  180  17:28  Medivac x2, Marauder, Widow Mine  
  191  17:35  SCV  
  187  17:39  Marauder  
  187  17:41  Marine x2  
  187  17:43  Widow Mine  
  185  17:47  SCV  
  185  17:48  Marauder  
  185  17:50  Missile Turret  
  185  17:51  Marauder x2  
  182  17:55  SCV x2  
  182  17:58  Missile Turret  
  183  18:03  Marauder  
  183  18:07  SCV  
  183  18:09  Marauder  
  183  18:10  Missile Turret  
  183  18:12  Marauder  
  187  18:13  SCV x2, Marine  
  187  18:14  SCV  
  187  18:16  Missile Turret  
  187  18:17  Marine  
  187  18:19  Marine  
  193  18:23  Marine x2  
  193  18:24  SCV  
  192  18:36  SCV  
  185  18:45  Marine x2  
  185  18:46  Marauder, Marine  
  185  18:47  Widow Mine  
  190  18:49  Marine x2  
  190  18:50  Marauder, Marine x3  
  190  18:54  Widow Mine  
  197  18:56  Marine  
  197  18:58  Marauder  
  198  19:07  Marauder  
  198  19:08  Marine  
  199  19:11  Marauder  
  166  19:17  Marine x2  
  166  19:18  Marauder, Marine  
  166  19:19  SCV x2, Marauder  
  150  19:27  Widow Mine x2  
  150  19:28  SCV x2, Widow Mine  
  150  19:29  Marauder  
  148  19:33  Marauder  
  150  19:39  Marauder  
  150  19:41  Marauder  
  150  19:43  Marine  
  135  19:48  Marine x3  
  135  19:49  Marine  
  135  19:50  Marauder  
  135  19:51  Marine  
  136  19:55  SCV  
  135  20:01  SCV x2  
  135  20:03  SCV  
  135  20:06  Marine  
  133  20:09  Marine  
  133  20:10  Marine  
  133  20:11  Marine x3  
  133  20:13  Widow Mine  
  134  20:16  SCV  
  134  20:18  SCV  
  134  20:19  Marine  
  125  20:27  Marine  
  125  20:28  Marine x3  
  106  20:29  SCV, Marine  
  106  20:30  Marine x2  
  106  20:31  Marine  
  106  20:34  SCV x2  
  111  20:37  Marine  
  111  20:39  Widow Mine  
  107  20:43  SCV  
  107  20:45  SCV  
  107  20:47  Marine x2  
  109  20:55  Marine x2  
  109  20:58  Marine x3  
  109  21:00  Marine  
  109  21:02  Widow Mine x2  
  109  21:04  SCV  
  118  21:06  SCV  
  118  21:07  Marine x2  
  118  21:08  Marine x2  
  118  21:10  Widow Mine  
  125  21:15  Marine x2  
  125  21:16  Marine  
  125  21:17  Marine x2  
  125  21:18  Marine x3  
  119  21:25  Marine x3  
  80  21:33  Marine x2  
  80  21:34  SCV  
  80  21:35  SCV, Marine  
Tags
 
Add a new tag
Caveats
  • Supply blocks, unpowered buildings, or Contaminate may cause inaccurate times.
  • Supply counts are checked every 10 seconds.